 Dungeon Crawl Stone Soup version 0.31-a0-816-gd61d57ddb1 (webtiles) character file.

Game seed: 15382504991959647157

81 Essalna the Conjurer (level 4, 0/30 HPs)
             Began as a Demonspawn Conjurer on Sept 22, 2023.
             Slain by a gnoll
             ... wielding a +0 flail
              (3 damage)
             ... on level 2 of the Dungeon.
             The game lasted 00:03:17 (1854 turns).

Essalna the Conjurer (Demonspawn Conjurer)          Turns: 1854, Time: 00:03:17

Health: 0/30       AC:  5    Str: 14    XL:     4   Next: 20%
Magic:  1/8        EV: 12    Int: 21    God:
Gold:   95         SH:  4    Dex: 11    Spells: 8/9 levels left

rFire   . . .        d - +0 rapier (freeze)
rCold   . . .        (no shield)
rNeg    . . .        a - +0 robe
rPois   .            l - +2 helmet
rElec   .            (no cloak)
rCorr   .            (no gloves)
SInv    .            (no boots)
Will    .....        (no amulet)
Stlth   ++           k - +6 ring of strength
HPRegen 0.25/turn    (no ring)
MPRegen 0.11/turn

%: no passive effects
@: no status effects
A: condensation shield
a: no special abilities


You were on level 2 of the Dungeon.
You visited 1 branch of the dungeon, and saw 2 of its levels.

You collected 95 gold pieces.

Inventory:

Hand Weapons
 d - a +0 rapier of freezing (weapon)
Armour
 a - a +0 robe (worn)
 l - a +2 helmet (worn)
Jewellery
 k - a +6 ring of strength (left hand)
Scrolls
 f - 2 scrolls of identify
 g - a scroll of amnesia {unknown}
 j - 2 scrolls of teleportation {unknown}
 m - a scroll of revelation {unknown}
Potions
 b - 2 potions of magic
 c - a potion of curing
 e - 2 potions of resistance {unknown}
 h - a potion of enlightenment {unknown}
 i - a potion of degeneration {unknown}


   Skills:
 - Level 1.7 Dodging
 - Level 1.7 Stealth
 + Level 3.2 Spellcasting
 + Level 4.9 Conjurations


You had 8 spell levels left.
You knew the following spells:

 Your Spells              Type           Power      Damage    Failure   Level
a - Magic Dart            Conj           96%        1d7       1%          1

Your spell library contained the following spells:

 Spells                   Type           Power      Damage    Failure   Level
 Searing Ray              Conj           48%        2d6       2%          2
 Dazzling Flash           Conj/Hex       26%        N/A       14%         3
 Fulminant Prism          Conj/Hex       6%         3d7       43%         4
 Iskenderun's Mystic Bla  Conj/Tloc      13%        2d5       43%         4


Dungeon Overview and Level Annotations

Branches:
Dungeon (2/15)

Altars:


Innate Abilities, Weirdness & Mutations

A meltable shield of frost defends you. (SH +4)


Message History

The gnoll misses you.
The magic dart hits the gnoll.
The gnoll is moderately wounded.
The gnoll hits you but does no damage.
The magic dart hits the gnoll.
The gnoll is severely wounded.
The gnoll misses you.
You are out of magic!
You are out of magic!
You are out of magic!
You are out of magic!
The gnoll hits you with a +0 spear.
You barely miss the gnoll.
The gnoll is severely wounded.
The gnoll hits you with a +0 spear. You block the gnoll's attack.
You hit the gnoll. You freeze the gnoll.
You kill the gnoll!
You hit the gnoll. You freeze the gnoll.
The gnoll is lightly wounded.
The gnoll hits you with a +0 flail!
You hit the gnoll but do no damage.
The gnoll is lightly wounded.
The gnoll barely misses you.
You hit the gnoll. You freeze the gnoll.
The gnoll is heavily wounded.
The gnoll hits you with a +0 flail.
You hit the gnoll. You freeze the gnoll.
The gnoll is almost dead.
The gnoll misses you. The gnoll hits you with a +0 flail!
* * * LOW HITPOINT WARNING * * *
You hit the gnoll but do no damage.
The gnoll is almost dead.
The gnoll barely misses you.
You closely miss the gnoll.
The gnoll is almost dead.
The gnoll misses you.
You completely miss the gnoll.
The gnoll is almost dead.
The gnoll hits you with a +0 flail.
You die...

#.....# #.....# #
#.....# ##..#####.....#
>..g..).......#
######.#.....#########
######g#.............##
#....#g#...............
#....#@#.###...........
#<...#.#.###...........
#..........#...........
#....#####.#....)......
#....# #.#...........
#....# #.#...........
##.#######...########..
#.>...[####.# ###
####.### #.##


You could see 2 gnolls.

Vanquished Creatures
  2 gnolls (D:2)
  An adder (D:2)
  A worm (D:2)
  4 dart slugs
  6 endoplasms
  4 giant cockroaches
  4 hobgoblins
  3 kobolds
  4 quokkas
  2 ball pythons
  3 bats (D:1)
  2 frilled lizards (D:1)
  3 goblins
  A rat (D:2)
40 creatures vanquished.

Notes
Turn   | Place    | Note
-------+----------+-------------------------------------------
     0 | D:1      | Essalna the Demonspawn Conjurer began the quest for the
                  | Orb.
     0 | D:1      | Reached XP level 1. HP: 13/13 MP: 3/3
   364 | D:1      | Gained mutation: A meltable shield of frost defends you.
                  | (SH +4) [demonic ancestry]
   364 | D:1      | Reached XP level 2. HP: 19/19 MP: 3/5
  1114 | D:2      | Reached XP level 3. HP: 22/24 MP: 7/7
  1836 | D:2      | Reached XP level 4. HP: 30/30 MP: 3/8
  1854 | D:2      | Slain by a gnoll

Illustrated notes

Levels and vault maps discovered:
D:1:      dpeg_chamrin_arrival_tetris, layout_loops_cross,
          minmay_misc_feat_doors
D:2:      layout_basic

Skill      XL: |  1  2  3 |
---------------+----------+-----
Spellcasting   | 3 |  3.2
Dodging        | |  1.7
Stealth        | |  1.7
Conjurations   | |  4.9

Action                     |  1- 3 |  4- 6 || total
---------------------------+-------+-------++-------
  Melee: Rapier            |    64 |     9 ||    73
         Punch             |     3 |       ||     3
   Cast: Magic Dart        |    44 |     4 ||    48
    Use: Scroll            |     2 |       ||     2
   Stab: Sleeping          |     1 |       ||     1
 Armour: Robe              |    32 |     7 ||    39
  Dodge: Dodged            |    33 |     7 ||    40
  Block: Other             |    14 |     1 ||    15

Table legend: (Time is in decaauts)
 A = Elapsed time spent in this place.
 B = Non-inter-level travel time spent in this place.
 C = Inter-level travel time spent in this place.
 D = Time resting spent in this place.
 E = Time spent auto-exploring this place.
 F = Levels seen in this place.
 G = Mean time per level.
                   A        B        C        D        E       F      G
               +--------+--------+--------+--------+--------+-----+--------+
         Total |   1867 |   1826 |     41 |      0 |   1550 |   2 |  933.5 |
       Dungeon |   1867 |   1826 |     41 |      0 |   1550 |   2 |  933.5 |
               +--------+--------+--------+--------+--------+-----+--------+

Top non-repeatable levels by time:
     D:1: 1073 daAuts
     D:2: 793 daAuts
